 Dungeon Crawl Stone Soup version 0.22-a0-136-g83a10e5 (webtiles) character file.

44 GenericJason the Skirmisher (level 3, -9/33 HPs)
             Began as a Draconian Berserker on Feb 2, 2018.
             Was a Believer of Trog.
             Mangled by Sigmund
             ... wielding a +0 scythe
              (14 damage)
             ... on level 2 of the Dungeon.
             The game lasted 00:08:19 (1005 turns).

GenericJason the Skirmisher (Draconian Berserker)   Turns: 1005, Time: 00:08:19

Health: -9/33      AC:  6    Str: 20    XL:     3   Next: 39%
Magic:  3/3        EV: 12    Int:  7    God:    Trog [**....]
Gold:   51         SH:  0    Dex: 10    Spells: 2/2 levels left

rFire    . . .     SeeInvis .   a - +0 hand axe
rCold    . . .     Gourm    .   (no shield)
rNeg     . . .     Faith    .   (armour unavailable)
rPois    .         Spirit   .   (helmet restricted)
rElec    .         Reflect  .   (no cloak)
rCorr    .         Harm     .   d - +0 pair of gloves
MR       .....                  (no boots)
Stlth    +.........             (no amulet)
HPRegen  0.11/turn              (no ring)
MPRegen  0.08/turn              (no ring)

@: berserk cooldown, slowed, very slow
A: unfitting armour, cold-blooded, AC +5
a: Berserk, Trog's Hand, Burn Spellbooks, Renounce Religion


You were on level 2 of the Dungeon.
You worshipped Trog.
Trog was pleased with you.
You were very hungry.

You visited 1 branch of the dungeon, and saw 2 of its levels.

You collected 51 gold pieces.

Inventory:

Hand Weapons
 a - a +0 hand axe (weapon)
Missiles
 f - 12 stones (quivered)
Armour
 d - a +0 pair of gloves (worn)
 h - a +0 robe
 i - a +3 ring mail
 j - a +0 ring mail
 k - a +0 leather armour
 m - a +0 cloak
Scrolls
 c - a scroll of immolation {unknown}
 e - 2 scrolls of amnesia {unknown}
 l - a scroll of fear {unknown}
 n - 2 scrolls of teleportation {unknown}
 o - a scroll of identify {unknown}
Potions
 g - a potion of resistance {unknown}
Comestibles
 b - a ration


   Skills:
 + Level 4.0 Fighting
 + Level 3.9 Axes
 - Level 2.7 Dodging


You had 2 spell levels left.
You didn't know any spells.

Dungeon Overview and Level Annotations

Branches:
Dungeon (2/15)

Altars:

Annotations:
D:2 Sigmund


Innate Abilities, Weirdness & Mutations

Your plain brown scales are hard. (AC +5)
You cannot fit into any form of body armour.
You are cold-blooded and may be slowed by cold attacks.


Message History

You resist with significant effort.
You are too confused!
Sigmund hits you from afar with a scythe!
* * * LOW HITPOINT WARNING * * *
You feel less confused. Sigmund closely misses you. Sigmund barely misses you.
Sigmund hits you with a scythe.
* * * LOW HITPOINT WARNING * * *
You closely miss Sigmund. Sigmund misses you.
You hit Sigmund.
Sigmund is lightly wounded.
Sigmund barely misses you.
You hit Sigmund but do no damage.
Sigmund is lightly wounded.
Sigmund gestures wildly while chanting.
Sigmund flickers and vanishes!
Deactivating autopickup; reactivate with Ctrl-A.
You hit something. Something hits you!
You die...

#. #.........# ...#
#.###.........#
#...###...#.........#
#......#...........#
#.................
#...........#.(#
#.........†....#
#.......)......#
#...@{.#.....###
#....†.#.......#
#..†....#######.#
[..........# #.###
............# #...#
#..!......#... ###.#
#.##.#.........
###.### #.
#....#......###.....#
##!.####..........<.#


There were no monsters in sight!

Vanquished Creatures
  2 oozes
  A ball python (D:1)
  6 bats
  A giant cockroach (D:1)
  3 goblins (D:1)
  4 hobgoblins (D:1)
  4 jackals
  A frilled lizard (D:2)
  6 kobolds
  5 rats (D:1)
33 creatures vanquished.

Notes
Turn   | Place    | Note
-------+----------+-------------------------------------------
     0 | D:1      | GenericJason the Draconian Berserker began the quest for the Orb.
     0 | D:1      | Reached XP level 1. HP: 19/19 MP: 1/1
   106 | D:1      | Reached XP level 2. HP: 26/26 MP: 2/2
   603 | D:1      | Reached XP level 3. HP: 27/33 MP: 3/3
   684 | D:1      | Reached ** piety under Trog
   958 | D:2      | Reached skill level 4 in Fighting
   970 | D:2      | Noticed Sigmund
  1005 | D:2      | Mangled by Sigmund

Vault maps used:
D:1:      dpeg_arrival_tiny_a, minmay_lizard_king
D:2:      lemuel_doored_altar, nicolae_dithmenos_through_a_glass_darkly,
          uniq_sigmund

Skill      XL: |  1  2  3 |
---------------+----------+-----
Fighting       | 4 |  4.0
Axes           | |  3.9
Dodging        | |  2.7

Action                   || total
-------------------------++-------
Melee: Hand axe          ||    84
       Tailslap          ||     9
Invok: Berserk           ||     2
  Eat: Chunk             ||     1
Armor: Skin              ||    52
Dodge: Dodged            ||   101

Table legend:
 A = Spawn XP
 B = Non-spawn XP
 C = Spawn XP percentage of total XP
 D = Spawn monster count
 E = Non-spawn monster count
 F = Spawn count percentage of total count
 G = Total turns spent on level
                    A         B        C        D         E        F      G
               +---------+---------+-------+---------+---------+-------+---------
         Total |       0 |      63 |   0.0 |       0 |      33 |   0.0 |  1005
               +---------+---------+-------+---------+---------+-------+---------
           D:1 |       0 |      44 |   0.0 |       0 |      24 |   0.0 |   931
           D:2 |       0 |      19 |   0.0 |       0 |       9 |   0.0 |    74
               +---------+---------+-------+---------+---------+-------+---------
